[ AOE2 MATCH · #470720307 ]
UnrankedChinese vs Khitans
Player's team · WIN
Rival team · LOSS
[ REPLAY ANALYSIS · EXTRACTED FROM THE RECORDED GAME ]
Feudal
—
Castle
—
Imperial
—
| APM avg | 54.4 |
| APM peak | 61 |
| eAPM avg | 24.4 |
| Villagers / military | 19 / 23 |
Focus
⚔️ 43.1% · 🌾 56.9%
Archer ×15 · Spearman ×8
Feudal
—
Castle
—
Imperial
—
| APM avg | 25.2 |
| APM peak | 31 |
| eAPM avg | 16.9 |
| Villagers / military | 19 / 14 |
Focus
⚔️ 29.2% · 🌾 70.8%
Scout Cavalry ×12 · Spearman ×2
Match map
Initial resources + every placement click. Lines = walls · curves = elevation contours. ◆ gold · ⬟ stone · ● berries · ✦ relic · ◌ wall gap
Your base· Open — unwalled flank
tiagobellodi's base
Smoothed initial terrain · ◌ = detected wall gap · hover for details
Inputs per minute
— Ethan - - tiagobellodi
Build order — Ethan
90 actions detected in the replay
| 0:27 | Create | Villager (Male) |
| 0:44 | Build | Archery Range |
| 0:45 | Build | House |
| 0:52 | Create | Spearman |
| 0:55 | Create | Villager (Male) |
| 1:04 | Build | Mining Camp |
| 1:10 | Create | Villager (Male) |
| 1:29 | Create | Archer |
| 1:29 | Create | Archer |
| 1:34 | Create | Villager (Male) |
| 1:43 | Create | Archer |
| 1:51 | Build | House |
| 1:52 | Build | Palisade Wall |
| 1:53 | Create | Archer |
| 1:54 | Create | Spearman |
| 2:06 | Create | Spearman |
| 2:11 | Research | Horse Collar |
| 2:11 | Research | Horse Collar |
| 2:17 | Build | Mill |
| 2:24 | Create | Spearman |
| 2:25 | Create | Villager (Male) |
| 2:48 | Create | Villager (Male) |
| 2:55 | Create | Villager (Male) |
| 3:06 | Create | Archer |
| 3:10 | Research | Fletching |
| 3:11 | Research | Fletching |
| 3:16 | Build | Farm |
| 3:17 | Build | Farm |
| 3:20 | Create | Villager (Male) |
| 3:33 | Create | Archer |
| 3:35 | Create | Archer |
| 3:41 | Create | Villager (Male) |
| 3:50 | Research | Double-Bit Axe |
| 3:50 | Research | Double-Bit Axe |
| 3:56 | Create | Archer |
| 4:11 | Create | Archer |
| 4:13 | Create | Spearman |
| 4:16 | Create | Villager (Male) |
| 4:17 | Build | Farm |
| 4:21 | Create | Villager (Male) |
| 4:30 | Build | Palisade Wall |
| 4:32 | Build | Palisade Wall |
| 4:34 | Build | Palisade Wall |
| 4:35 | Build | Palisade Wall |
| 4:46 | Create | Archer |
| 4:47 | Create | Spearman |
| 4:51 | Create | Archer |
| 4:59 | Create | Villager (Male) |
| 5:01 | Build | Farm |
| 5:02 | Build | Farm |
| 5:06 | Create | Villager (Male) |
| 5:13 | Create | Archer |
| 5:29 | Create | Archer |
| 5:34 | Build | House |
| 5:48 | Build | House |
| 5:50 | Build | House |
| 5:51 | Build | House |
| 5:52 | Build | House |
| 5:58 | Build | Farm |
| 6:00 | Build | Farm |
| 6:05 | Build | House |
| 6:08 | Create | Villager (Male) |
| 6:28 | Create | Villager (Male) |
| 6:32 | Create | Spearman |
| 6:45 | Create | Villager (Male) |
| 6:54 | Create | Villager (Male) |
| 7:01 | Create | Villager (Male) |
| 7:18 | Create | Spearman |
| 7:22 | Build | Farm |
| 7:26 | Build | Market |
| 7:33 | Build | Farm |
| 7:37 | Build | House |
| 7:40 | Build | Palisade Wall |
| 7:41 | Build | Palisade Wall |
| 8:06 | Build | Mining Camp |
| 8:25 | Research | Castle Age |
| 8:30 | Build | House |
| 8:39 | Create | Archer |
| 9:00 | Build | Mining Camp |
| 9:04 | Research | Gold Mining |
| 9:04 | Research | Gold Mining |
| 9:04 | Research | Stone Mining |
| 9:05 | Research | Stone Mining |
| 9:19 | Create | Villager (Male) |
| 9:36 | Build | House |
| 9:37 | Build | House |
| 9:38 | Build | House |
| 9:38 | Build | House |
| 9:49 | Create | Archer |
| 9:53 | Research | Padded Archer Armor |
Build order — tiagobellodi
63 actions detected in the replay
| 0:00 | Create | Villager (Male) |
| 0:01 | Create | Villager (Male) |
| 0:14 | Create | Spearman |
| 0:22 | Build | House |
| 0:32 | Create | Villager (Male) |
| 0:43 | Build | Stable |
| 0:48 | Create | Villager (Male) |
| 0:55 | Research | Double-Bit Axe |
| 1:03 | Build | House |
| 1:26 | Create | Villager (Male) |
| 1:28 | Create | Spearman |
| 1:34 | Build | Palisade Gate |
| 1:36 | Build | House |
| 1:51 | Build | Pasture |
| 1:53 | Build | Pasture |
| 1:56 | Create | Villager (Male) |
| 2:09 | Create | Scout Cavalry |
| 2:27 | Create | Villager (Male) |
| 2:32 | Build | Mining Camp |
| 2:35 | Build | House |
| 2:36 | Build | House |
| 2:40 | Research | Tech 1014 |
| 2:55 | Create | Villager (Male) |
| 3:06 | Create | Villager (Male) |
| 3:24 | Create | Scout Cavalry |
| 3:36 | Build | Pasture |
| 3:48 | Create | Villager (Male) |
| 3:54 | Build | Pasture |
| 3:56 | Build | Pasture |
| 4:04 | Create | Villager (Male) |
| 4:27 | Create | Scout Cavalry |
| 4:32 | Build | House |
| 4:48 | Create | Villager (Male) |
| 4:52 | Build | Pasture |
| 4:56 | Build | Pasture |
| 5:04 | Create | Scout Cavalry |
| 5:13 | Build | Watch Tower |
| 5:37 | Create | Villager (Male) |
| 5:55 | Research | Forging |
| 6:06 | Build | Pasture |
| 6:07 | Build | Pasture |
| 6:43 | Build | Pasture |
| 6:49 | Create | Scout Cavalry |
| 6:51 | Create | Villager (Male) |
| 6:51 | Create | Villager (Male) |
| 7:08 | Create | Scout Cavalry |
| 7:14 | Create | Villager (Male) |
| 7:18 | Build | Pasture |
| 7:26 | Build | Pasture |
| 7:39 | Build | Mining Camp |
| 8:00 | Create | Scout Cavalry |
| 8:06 | Create | Scout Cavalry |
| 8:10 | Create | Villager (Male) |
| 8:46 | Research | Scale Barding Armor |
| 8:48 | Create | Scout Cavalry |
| 8:49 | Create | Scout Cavalry |
| 9:03 | Build | Pasture |
| 9:10 | Build | Lumber Camp |
| 9:18 | Create | Scout Cavalry |
| 9:19 | Create | Scout Cavalry |
| 9:32 | Create | Villager (Male) |
| 9:36 | Build | Pasture |
| 9:38 | Create | Villager (Male) |
Match timeline
| 0:43 | tiagobellodi · first_building Stable |
| 0:44 | Ethan · first_building Archery Range |
| 1:52 | Ethan · wall_segment Palisade Wall x3 |
| 4:30 | Ethan · wall_segment Palisade Wall x10 |
| 4:32 | Ethan · wall_segment Palisade Wall x1 |
| 4:34 | Ethan · wall_segment Palisade Wall x3 |
| 4:35 | Ethan · wall_segment Palisade Wall x1 |
| 7:40 | Ethan · wall_segment Palisade Wall x1 |
| 7:41 | Ethan · wall_segment Palisade Wall x4 |
| 8:24 | Ethan · first_market_buy 100 food |
| 9:53 | tiagobellodi · resign |
[ AI ANALYSIS · 1 CREDIT ]
What really happened in this match?
Wolo.gg analyzes every decision: build order, eco, micro, common mistakes by bracket. Personalized analysis on WhatsApp or Discord in 30 seconds.
Civ guide
Chinese
Perfil
Jugador #301023